 Dungeon Crawl Stone Soup version 0.19-a0-990-gf36c7f1 (webtiles) character file.

2069 Implojin the Grappler (level 9, -3/80 HPs)
             Began as a Troll Fighter on July 14, 2016.
             Slain by a basilisk (9 damage)
             ... on level 7 of the Dungeon.
             The game lasted 00:06:03 (1160 turns).

Implojin the Grappler (Troll Fighter)               Turns: 1160, Time: 00:06:04

Health: -3/80      AC:  5    Str: 26    XL:     9   Next: 5%
Magic:  8/8        EV:  1    Int:  4    God:
Gold:   119        SH:  0    Dex: 12    Spells: 0 memorised, 8 levels left

rFire  . . .     SeeInvis .       - Unarmed
rCold  . . .     Gourm    +     a - +0 robe
rNeg   + + +     Faith    .     b - +0 shield
rPois  ∞         Spirit   .     (helmet restricted)
rElec  .         Dismiss  .     (no cloak)
rCorr  .         Reflect  .     (gloves unavailable)
SustAt .         Harm     .     (boots unavailable)
MR     .....                    (no amulet)
Stlth  +.........               (no ring)
                                e - +2 ring of evasion

@: petrified, not resistant to hostile enchantments, very unstealthy
A: unfitting armour, claws 3, fast metabolism 3, gourmand, regeneration 2,
shaggy fur 1, tough skin 2
a: no special abilities


You were on level 7 of the Dungeon.
You were very full.

You visited 1 branch of the dungeon, and saw 7 of its levels.

You collected 119 gold pieces.

Inventory:

Hand Weapons
 q - the +9 flail of Slime {distort, rPois, unknown}
   (You found it on level 6 of the Dungeon)

   It warps and distorts space around it.
   Unwielding it can cause banishment or high damage.
   It protects you from poison.
 s - a +0 flail
Missiles
 m - 4 large rocks (quivered)
Armour
 a - a +0 robe (worn)
 b - a +0 shield (worn)
Jewellery
 e - a +2 ring of evasion (left claw)
Wands
 n - a wand of disintegration (18/24)
Scrolls
 g - a scroll of fog {unknown}
 i - a scroll of blinking
 j - 2 scrolls of enchant weapon {unknown}
 k - 2 scrolls of identify {unknown}
 r - a scroll of immolation {unknown}
 v - a scroll of brand weapon {unknown}
Potions
 c - a potion of flight
 h - a potion of heal wounds {unknown}
 l - a potion of degeneration {unknown}
 o - a potion of curing {unknown}
 p - a potion of lignification {unknown}
 t - a potion of invisibility {unknown}
Comestibles
 d - 2 bread rations
 f - a slice of pizza
 u - 5 chunks of flesh


   Skills:
 - Level 2.4 Fighting
 - Level 2.4 Dodging
 - Level 2.4 Shields
 * Level 11.8 Unarmed Combat


You had 8 spell levels left.
You didn't know any spells.

Dungeon Overview and Level Annotations

Branches:
Dungeon (7/15)
 Temple: D:4-7

Altars:
Dithmenos
Fedhas
Pakellas
Trog
Xom


Innate Abilities, Weirdness & Mutations

You are too large for most types of armour.
You have claws for hands.
Your metabolism is lightning-fast.
You like to eat raw meat.
You heal very quickly.
You are covered in fur. (AC +1)
You have very tough skin. (AC +2)


Message History

You have reached level 9!
Your experience leads to an increase in your attributes!
Increase (S)trength, (I)ntelligence, or (D)exterity?
You feel agile.
You feel stronger. You block the basilisk's attack.
You scratch the basilisk but do no damage.
The basilisk closely misses you.
You scratch the basilisk.
The basilisk is lightly wounded.
You block the basilisk's attack.
You closely miss the basilisk.
The basilisk is lightly wounded.
The basilisk gazes at you.
You are slowing down.
Unknown command.
You mangle the basilisk!!
The basilisk is almost dead.
The basilisk bites you!
* * * LOW HITPOINT WARNING * * *
Your limbs are stiffening.
Unknown command.
Unknown command.
Okay, then.
The basilisk gazes at you. You resist with some effort.
You have turned to stone.
The basilisk bites you!
* * * LOW HITPOINT WARNING * * *
The basilisk bites you.
* * * LOW HITPOINT WARNING * * *
The basilisk bites you!
* * * LOW HITPOINT WARNING * * *
The basilisk bites you!
* * * LOW HITPOINT WARNING * * *
The basilisk bites you!
* * * LOW HITPOINT WARNING * * *
The basilisk gazes at you. The basilisk bites you!
* * * LOW HITPOINT WARNING * * *
The basilisk bites you!!
You die...

#.#.# #.##### #.### ###
###..#####.....# #... ..#
..<......#.###.#####.######.#
#.#.........................#
.#...#####################..#
###..##..##..# #...#.....#..#
#...##..##..###.#.#####.#..#
#....#.##..##..#.#...#...#..#
#.##.#.##..##l.#@###.#.###..#
#. ..##..##O.##l.#.....#.#..#
.. ..##..##K.#####.#.###.#..#
. #.#.##..##..#...#...#.#..#
#.##..##..#.#####.#.#..#
##..##..###.....#...#..#
####'### #####'#####..# #H#
#...#..#..#..# .y.
##..#....##..#


You could see a basilisk.

Vanquished Creatures
  A griffon (D:7)
  A slime creature (D:7)
  Sigmund (D:2)
  A yak (D:7)
  2 vampire mosquitoes (D:7)
  A water moccasin (D:6)
  An orc warrior (D:6)
  2 ice beasts
  A phantom (D:7)
  A sky beast (D:7)
  2 howler monkeys
  A crimson imp (D:7)
  A giant frog zombie (D:6)
  A hound (D:5)
  An orc priest (D:3)
  An orc wizard (D:6)
  Natasha (thrice) (D:2)
  3 worker ants
  3 adders
  An adder skeleton (D:7)
  3 giant geckos
  6 orcs
  A ball python (D:6)
  A giant cockroach (D:2)
  6 goblins
  A hobgoblin (D:2)
  A quokka (D:7)
  2 kobolds
  3 rats
53 creatures vanquished.

Notes
Turn   | Place    | Note
-------+----------+-------------------------------------------
     0 | D:1      | Implojin the Troll Fighter began the quest for the Orb.
     0 | D:1      | Reached XP level 1. HP: 22/22 MP: 0/0
    76 | D:2      | Noticed Natasha
    77 | D:2      | Noticed a crimson imp
    86 | D:2      | Killed Natasha
    86 | D:2      | Reached skill level 3 in Unarmed Combat
    86 | D:2      | Reached XP level 2. HP: 5/29 MP: 1/1
    86 | D:2      | Reached XP level 3. HP: 7/36 MP: 2/2
   105 | D:2      | Reached skill level 4 in Unarmed Combat
   141 | D:2      | Reached XP level 4. HP: 32/44 MP: 3/3
   142 | D:2      | Noticed Natasha
   159 | D:2      | Killed Natasha
   174 | D:2      | Found an oddly glowing altar of Pakellas.
   214 | D:2      | Noticed Sigmund
   222 | D:2      | Killed Sigmund
   222 | D:2      | Reached skill level 6 in Unarmed Combat
   222 | D:2      | Reached XP level 5. HP: 49/50 MP: 4/4
   333 | D:2      | Noticed Natasha
   336 | D:2      | Killed Natasha
   336 | D:2      | Reached XP level 6. HP: 53/59 MP: 5/5
   409 | D:2      | Found a blossoming altar of Fedhas.
   501 | D:2      | Found a bloodstained altar of Trog.
   501 | D:2      | Found a shimmering altar of Xom.
   548 | D:5      | Entered Level 5 of the Dungeon
   562 | D:5      | Noticed an ice beast
   565 | D:5      | Found a shadowy altar of Dithmenos.
   588 | D:5      | Killed an ice beast
   588 | D:5      | Reached skill level 7 in Unarmed Combat
   628 | D:6      | Reached XP level 7. HP: 56/66 MP: 6/6
   757 | D:6      | Got a crude flail
   797 | D:6      | Reached skill level 8 in Unarmed Combat
   963 | D:7      | Reached skill level 9 in Unarmed Combat
   979 | D:7      | Reached XP level 8. HP: 55/74 MP: 7/7
   997 | D:7      | Noticed a slime creature
  1014 | D:7      | Killed a slime creature
  1014 | D:7      | Reached skill level 10 in Unarmed Combat
  1108 | D:7      | Noticed an ogre mage
  1108 | D:7      | Noticed a griffon
  1117 | D:7      | Killed a griffon
  1117 | D:7      | Reached skill level 11 in Unarmed Combat
  1137 | D:7      | Noticed a kobold demonologist
  1146 | D:7      | Reached XP level 9. HP: 35/80 MP: 8/8
  1160 | D:7      | Slain by a basilisk

Vault maps used:
D:1:      saegor_arrival_miasma
D:2:      nicolae_overflow_crystal_walls, grunt_pakellas_sulfur,
          nicolae_overflow_hidden_temple, first_bread, minmay_misc_feat_x,
          uniq_crazy_yiuf_cottage, uniq_natasha, uniq_sigmund
D:3:      serial_glass, glass_columns_b, glass_columns_a, minmay_misc_feat_alley
D:4:      uniq_edmund
D:5:      lemuel_statue_altar, uniq_menkaure
D:6:      grunt_temple_overflow_open
D:7:      kennysheep_mini_moat, basic_altar, kennysheep_decorative_pillar,
          grunt_livestock, serial_bayou_pond_c, minmay_the_grid_2x2

Skill      XL: |  1  2  3  4  5  6  7  8 |
---------------+-------------------------+-----
Unarmed Combat | 3 4 6 7 9 11 | 11.8
Fighting       | |  2.4
Dodging        | |  2.4
Shields        | |  2.4

Action                   |  1- 3 |  4- 6 |  7- 9 || total
-------------------------+-------+-------+-------++-------
Melee: Unarmed           |    20 |    79 |   121 ||   220
  Use: Scroll            |     2 |       |       ||     2
       Potion            |     1 |       |     1 ||     2
  Eat: Chunk             |       |     5 |    11 ||    16
Armor: Robe              |     5 |    22 |    26 ||    53
Dodge: Dodged            |     9 |    32 |    40 ||    81
Block: Shield            |     6 |    35 |    46 ||    87

Table legend:
 A = Turns spent in this place as a percentage of turns spent in the entire game.
 B = Non-inter-level travel turns spent in this place as a percentage of non-inter-level travel turns spent in the entire game.
 C = Inter-level travel turns spent in this place as a percentage of turns spent in this place.
 D = Turns resting spent in this place as a percentage of non-inter-level travel turns spent in this place.
 E = Turns spent auto-exploring this place as a percentage of non-inter-level travel turns spent in this place.
 F = Non-inter-level travel turns spent in this place divided by the number of levels of this place that you've seen.
                   A       B       C       D       E      F
               +-------+-------+-------+-------+-------+----------------------
         Total | 100.0 | 100.0 |   0.0 |   0.0 |   0.0 | 167.3
       Dungeon | 100.0 | 100.0 |   0.0 |   0.0 |   0.0 | 167.3
               +-------+-------+-------+-------+-------+----------------------

Table legend:
 A = Kills in this place as a percentage of kills in entire the game.
 B = Kills by you in this place as a percentage of kills by you in the entire game.
 C = Kills by friends in this place as a percentage of kills by friends in the entire game.
 D = Other kills in this place as a percentage of other kills in the entire game.
 E = Experience gained in this place as a percentage of experience gained in the entire game.
 F = Experience gained in this place divided by the number of levels of this place that you have seen.
                   A       B       C       D       E      F
               +-------+-------+-------+-------+-------+----------------------
         Total | 100.0 | 100.0 |  -nan |  -nan | 100.0 | 422.3
       Dungeon | 100.0 | 100.0 |  -nan |  -nan | 100.0 | 422.3
               +-------+-------+-------+-------+-------+----------------------
